AoeStats
← 五月花

Nomad

510506914Analyzed
4v4 RM · 16h ago on Oct 1, 2026· 41m 4s· 8 players
Game mode
Random Map
Map size
231×231
Population
200
Speed
Normal
Resources
Standard
Victory
Conquest
Starting age
Dark Age
Ending age
Imperial Age
RankedLock teamsTeams togetherTeam positionsShared explorationLock speedFull tech treeHidden civsTurbo modeCheats
Victory
Defeat
🇨🇳 Vietnamese · China
1589
+8
🇨🇳 Magyars · China
1523
+10
1423
+14
🇨🇳 Burgundians · China
1217
+23
🇨🇳 Vikings · China
1425
-15
🇨🇳 Japanese · China
1395
-14
🇦🇺 Saxons · Australia
1377
-13
🇩🇪 Persians · Germany
1361
-13
征南大将军
11:50 Loom
13:59 Feudal Age
14:49 Double-Bit Axe
17:42 Castle Age
16:43 Horse Collar
20:22 Bow Saw
24:22 Gold Mining
27:26 Scale Mail Armor
28:29 Forging
28:34 Chain Mail Armor
30:13 Iron Casting
31:17 Fletching
34:05 Imperial Age
32:44 Town Watch
34:27 Masonry
35:26 Scale Barding Armor
35:52 Plate Mail Armor
35:45 Conscription
35:26 Chieftains
36:58 Hoardings
37:16 Squires
36:36 Pikeman
37:02 Arson
38:21 Elite Varangian Guard
40:54 Gold Shaft Mining
630406632
5:05 Loom
13:24 Feudal Age
18:11 Castle Age
16:23 Double-Bit Axe
17:04 Horse Collar
20:10 Scale Mail Armor
21:01 Forging
22:00 Bow Saw
21:59 Arson
24:59 Squires
28:30 Chain Mail Armor
28:07 Fletching
30:21 Bodkin Arrow
32:47 Wheelbarrow
31:58 Town Watch
33:07 Stone Mining
34:43 Pikeman
39:44 Imperial Age
38:10 Iron Casting
37:31 Guard Tower
38:25 Hand Cart
40:30 Bracer
41:18 Plate Mail Armor
Lynx
7:58 Loom
14:16 Feudal Age
15:48 Fishing Lines
18:16 Castle Age
16:15 Double-Bit Axe
19:06 Wheelbarrow
19:10 Bow Saw
23:26 Hand Cart
26:19 Scale Barding Armor
26:25 Forging
36:39 Horse Collar
39:02 Pikeman
Flash Git
5:13 Loom
15:29 Feudal Age
17:09 Fletching
19:36 Castle Age
19:02 Double-Bit Axe
19:55 Stone Mining
19:58 Gold Mining
20:18 Horse Collar
25:31 Town Watch
26:28 Wheelbarrow
27:33 Bow Saw
28:40 Heavy Plow
29:33 Scale Mail Armor
30:11 Pikeman
30:53 Squires
31:32 Gambesons
31:33 Arson
36:02 Imperial Age
34:57 Forging
37:12 Halberdier
wolo10
5:15 Loom
10:41 Loom
14:37 Feudal Age
15:12 Double-Bit Axe
15:16 Fishing Lines
19:00 Castle Age
19:46 Wheelbarrow
19:54 Bow Saw
21:16 Scale Barding Armor
22:40 Chain Barding Armor
23:08 Gillnets
25:33 Hand Cart
26:36 Horse Collar
28:22 Gold Mining
29:10 Bloodlines
29:00 Husbandry
35:14 Gold Shaft Mining
35:27 Fletching
39:15 Imperial Age
37:00 Thumb Ring
36:57 Padded Archer Armor
37:16 Corvinian Army
39:53 Ballistics
40:03 Bodkin Arrow
40:24 Leather Archer Armor
41:25 Parthian Tactics
42:09 Chemistry
40:35 Heavy Cavalry Archer
41:39 Bracer
Princess Mi Amore Cadenza
4:53 Loom
12:59 Feudal Age
17:02 Castle Age
15:23 Double-Bit Axe
18:02 Bow Saw
18:52 Squires
18:55 Scale Mail Armor
25:30 Wheelbarrow
25:07 Horse Collar
27:03 Fletching
31:27 Bodkin Arrow
33:37 Scale Barding Armor
36:40 Heavy Plow
37:43 Padded Archer Armor
39:27 Husbandry
40:29 Ballistics
41:24 Bloodlines
爱炸房的鳄鱼
10:18 Loom
13:29 Feudal Age
14:31 Double-Bit Axe
15:16 Gold Mining
18:04 Castle Age
18:48 Demolition Ship
19:46 Medium Warships
20:26 Bow Saw
23:39 Wheelbarrow
24:54 Fishing Lines
26:18 Stone Mining
27:02 Gillnets
29:31 Hand Cart
34:25 Imperial Age
32:33 Bloodlines
32:29 Scale Barding Armor
34:03 Chain Barding Armor
33:54 Forging
35:37 Paper Money
34:39 Cavalier
39:18 Plate Barding Armor
40:56 Stone Shaft Mining
41:23 Coinage
41:19 Husbandry
40:40 Light Cavalry
五月花
10:43 Loom
14:16 Feudal Age
13:11 Horse Collar
13:25 Double-Bit Axe
13:42 Fishing Lines
15:13 Heavy Plow
15:26 Bow Saw
16:42 Stone Mining
18:35 Wheelbarrow
19:32 Town Watch
21:32 Gold Mining
24:46 Castle Age
23:14 Scale Barding Armor
23:19 Forging
26:12 Stone Shaft Mining
26:14 Gold Shaft Mining
30:08 Imperial Age
28:08 Husbandry
27:31 Cavalier
28:33 Chain Barding Armor
31:41 Conscription
32:12 Paladin
36:39 Plate Barding Armor
37:41 Chemistry
39:58 Hand Cart
Connection lost

Rejoining the realm…

Still unreachable

The connection could not be restored.

Session expired

The server has moved on; the page needs a fresh start.